 Dungeon Crawl Stone Soup version 0.27-a0-1147-gb3d8e82157 (webtiles) character file.

Game seed: 12464191926995413519

9 Azzok the Chopper (level 2, 24/24 HPs)
             Began as a Demonspawn Berserker on May 11, 2021.
             Was a Follower of Trog.
             Quit the game on level 1 of the Dungeon.
             The game lasted 00:00:19 (390 turns).

Azzok the Chopper (Demonspawn Berserker)             Turns: 390, Time: 00:00:20

Health: 24/24      AC:  7    Str: 17    XL:     2   Next: 3%
Magic:  2/2        EV: 11    Int:  8    God:    Trog [*.....]
Gold:   12         SH:  0    Dex: 12    Spells: 1/1 levels left

rFire    . . .     SeeInvis .   a - +0 hand axe
rCold    + . .     Faith    .   (no shield)
rNeg     . . .     Spirit   .   c - +2 ring mail {rC+}
rPois    .         Reflect  .   (no helmet)
rElec    .         Harm     .   (no cloak)
rCorr    .         Rampage  .   (no gloves)
Will     .....                  (no boots)
Stlth    +.........             (no amulet)
HPRegen  0.08/turn              (no ring)
MPRegen  0.08/turn              (no ring)

@: no status effects
A: foul stench 1
a: Renounce Religion, Berserk


You were on level 1 of the Dungeon.
You worshipped Trog.
Trog was aware of your devotion.
You visited 1 branch of the dungeon, and saw 1 of its levels.

You collected 12 gold pieces.

Inventory:

Hand Weapons
 a - a +0 hand axe (weapon)
Armour
 b - a +0 animal skin
 c - a +2 ring mail of cold resistance (worn)


   Skills:
 - Level 3.0 Fighting
 + Level 3.2 Axes
 - Level 1.7 Armour
 - Level 1.7 Dodging


You had one spell level left.
You didn't know any spells.
Your spell library was empty.

Dungeon Overview and Level Annotations

Branches:
Dungeon (1/15)

Altars:


Innate Abilities, Weirdness & Mutations

You may rarely emit foul miasma when damaged in melee.


Message History

A jackal is nearby!
A jackal is nearby!
A jackal comes into view.
The jackal barks! x2
The jackal barely misses you.
The jackal bites you but does no damage.
You hit the jackal but do no damage. The jackal closely misses you.
You closely miss the jackal.
The jackal bites you but does no damage. x2
You barely miss the jackal. You hit the jackal but do no damage.
The jackal closely misses you. The jackal barely misses you.
The jackal misses you.
You hit the jackal.
The jackal is severely wounded.
You hit the jackal but do no damage. The jackal bites you.
The jackal barely misses you.
The jackal bites you but does no damage.
You slash the jackal!
You kill the jackal!
Trog accepts your kill.
You hit the jackal.
You kill the jackal!
Trog accepts your kill.
An endoplasm comes into view.
An endoplasm is nearby!
An endoplasm is nearby!
The endoplasm quivers.
You hit the endoplasm.
The endoplasm is severely wounded.
The endoplasm hits you. The endoplasm freezes you.
You are frozen.
You resist.
You slash the endoplasm!
You kill the endoplasm!
Trog accepts your kill.
You have reached level 2!
Your demonic ancestry asserts itself...
You begin to emit a foul stench of rot and decay.
Found a stone staircase leading down.
Are you sure you want to abandon this character and quit the game? (Confirm with "yes".)

▒▒▒▒▒▒▒▒▒▒ ▒▒▒
········†▒ ▒··
·········· ▒·▒
▒▒▒▒▒▒▒··▒ ▒·▒ ▒··▒
▒·▒ ▒·▒▒
·▒▒▒▒▒▒▒▒▒·▒ ▒·▒▒
>··········▒ ▒·▒▒
·······@···▒ ▒···
·▒▒▒·▒▒▒▒▒·▒ ▒·▒▒
▒·▒ ▒▒▒▒▒▒▒··· ▒·▒
········▒▒
▒·▒▒▒▒▒▒▒▒▒▒·▒
▒▒▒▒▒··········†·▒
▒·········▒▒····▒·▒▒
▒▒▒▒▒▒▒▒▒·▒▒▒▒▒·▒·▒
▒†·†·)······▒


There were no monsters in sight!

Vanquished Creatures
  A ball python (D:1)
  2 endoplasms (D:1)
  2 jackals (D:1)
  2 frilled lizards (D:1)
  A kobold (D:1)
8 creatures vanquished.

Notes
Turn   | Place    | Note
-------+----------+-------------------------------------------
     0 | D:1      | Azzok the Demonspawn Berserker began the quest for the Orb.
     0 | D:1      | Reached XP level 1. HP: 18/18 MP: 1/1
   280 | D:1      | Gained mutation: You may rarely emit foul miasma when
                  | damaged in melee. [demonic ancestry]
   280 | D:1      | Reached XP level 2. HP: 15/24 MP: 2/2
   390 | D:1      | Quit the game

Illustrated notes

Levels and vault maps discovered:
D:1:      amcnicky_arrival_gap_in_the_tavern_cellar, layout_basic, minivault_4,
          minivault_5, serial_park_tiny_1, serial_park_tiny_pond

Skill      XL: |  1 |
---------------+----+-----
Axes           | 3 |  3.2
Fighting       | |  3.0
Armour         | |  1.7
Dodging        | |  1.7

Action                   || total
-------------------------++-------
Melee: Hand axe          ||    17
 Stab: Sleeping          ||     1
Armor: Ring mail         ||     4
Dodge: Dodged            ||    13

Table legend: (Time is in decaauts)
 A = Elapsed time spent in this place.
 B = Non-inter-level travel time spent in this place.
 C = Inter-level travel time spent in this place.
 D = Time resting spent in this place.
 E = Time spent auto-exploring this place.
 F = Levels seen in this place.
 G = Mean time per level.
                   A        B        C        D        E       F      G
               +--------+--------+--------+--------+--------+-----+--------+
         Total |    393 |    393 |      0 |     69 |    266 |   1 |  393.0 |
       Dungeon |    393 |    393 |      0 |     69 |    266 |   1 |  393.0 |
               +--------+--------+--------+--------+--------+-----+--------+

Top non-repeatable levels by time:
     D:1: 393 daAuts
